 Dungeon Crawl Stone Soup version 0.31.0-32-g396128a36d (webtiles) character file.

Game seed: 10927833607040365320

4001 Peloso the Carver (level 10, -3/89 HPs)
             Began as a Minotaur Fighter on Apr 13, 2024.
             Was a Follower of Okawaru.
             Killed from afar by a molten gargoyle (28 damage)
             ... with a bolt of magma
             ... on level 9 of the Dungeon.
             The game lasted 00:16:11 (8530 turns).

Peloso the Carver (Minotaur Fighter)                Turns: 8530, Time: 00:16:12

Health: -3/89      AC: 15    Str: 20    XL:     10   Next: 3%
Magic:  7/9        EV: 12    Int:  5    God:    Okawaru [*.....]
Gold:   169        SH:  7    Dex: 15    Spells: 9/9 levels left

rFire   . . .        a - +3 scimitar (elec)
rCold   . . .        d - +0 buckler
rNeg    . . .        c - +1 chain mail
rPois   .            C - +1 hat
rElec   .            (no cloak)
rCorr   +            (no gloves)
SInv    .            (no boots)
Will    .....        (no amulet) Stlth
                     q - ring of flight
HPRegen 0.34/turn    l - ring of resist corrosion
MPRegen 0.11/turn

%: no passive effects
@: about to teleport, heroic, flying
A: horns 2, retaliatory headbutt
a: Renounce Religion, Heroism


You were on level 9 of the Dungeon.
You worshipped Okawaru.
Okawaru was aware of your devotion.
You visited 2 branches of the dungeon, and saw 10 of its levels.
You also visited: Sewer.

You collected 447 gold pieces.
You spent 278 gold pieces at shops.

Inventory:

Hand Weapons
 a - a +3 scimitar of electrocution (weapon)
 b - a +5 long sword
Armour
 c - a +1 chain mail (worn)
 d - a +0 buckler (worn)
 C - a +1 hat (worn)
Jewellery
 g - a ring of positive energy
 k - a +5 ring of evasion
 l - a ring of resist corrosion (right hand)
 q - a ring of flight (left hand)
Wands
 t - a wand of mindburst (22)
 x - a wand of flame (16)
Scrolls
 h - a scroll of enchant weapon
 i - a scroll of fear
 m - 2 scrolls of fog
 n - 2 scrolls of poison
 r - a scroll of teleportation
 y - a scroll of identify
 B - a scroll of torment {unknown}
Potions
 e - 5 potions of brilliance
 f - 2 potions of ambrosia
 j - 2 potions of heal wounds
 o - 4 potions of lignification
 p - a potion of cancellation {unknown}
 s - 4 potions of mutation {unknown}
 u - a potion of attraction {unknown}
 v - 3 potions of curing
 w - a potion of might
 z - 2 potions of experience {unknown}
 A - 2 potions of haste {unknown}


   Skills:
 + Level 8.3(13.3) Fighting
 + Level 10.9(15.9) Long Blades
 + Level 9.3(14.3) Armour
 + Level 3.9(8.9) Dodging
 + Level 0.4(5.4) Stealth
 + Level 7.0(12.0) Shields
 + Level 0.3 Evocations


You had 9 spell levels left.
You didn't know any spells.
Your spell library contained the following spells:

 Spells                   Type           Power      Damage    Failure   Level
 Apportation              Tloc           0%         N/A       95%         1
 Freeze                   Ice            0%         1d3       95%         1
 Slow                     Hex            0%         N/A       95%         1
 Jinxbite                 Hex            0%         N/A       99%         2
 Sublimation of Blood     Necr           0%         N/A       99%         2
 Confusing Touch          Hex            0%         N/A       100%        3
 Frozen Ramparts          Ice            0%         1d1       100%        3
 Gell's Gravitas          Tloc           0%         N/A       100%        3
 Hailstorm                Conj/Ice       0%         3d5       100%        3
 Sigil of Binding         Hex            0%         N/A       100%        3
 Teleport Other           Tloc           0%         N/A       100%        3
 Vampiric Draining        Necr           0%         2d6       100%        3
 Alistair's Intoxication  Alch           0%         N/A       100%        5
 Dispersal                Tloc           0%         N/A       100%        6
 Call Imp                 Summ           Unusable   N/A       N/A         2
 Summon Hydra             Summ           Unusable   N/A       N/A         7

Dungeon Overview and Level Annotations

Branches:
Dungeon (9/15)             Temple (1/1) D:7           Sewer (visited)
   Lair: D:8-11         Orc: D:9-12

Altars:
Ashenzari
Cheibriados
Elyvilon
Fedhas
Gozag
Hepliaklqana
Kikubaaqudgha
Makhleb
Nemelex Xobeh
Okawaru
Qazlal
Ru
Sif Muna
Trog
Uskayaw
Vehumet
Xom
Yredelemnul
Zin
The Shining One

Shops:
D:2 [*([

Annotations:
D:8 Dig


Innate Abilities, Weirdness & Mutations

You have a pair of horns on your head.
You reflexively headbutt those who attack you in melee.


Message History

Your headbutt misses the molten gargoyle.
The molten gargoyle is lightly damaged.
You block the molten gargoyle's attack.
You gain the combat prowess of a mighty hero.
The molten gargoyle blasts magma at you!
The bolt of magma misses you.
You hit the molten gargoyle but do no damage.
You headbutt the molten gargoyle, but do no damage.
The molten gargoyle is lightly damaged.
The molten gargoyle blasts magma at you!
The bolt of magma hits you!!
You hit the molten gargoyle.
The molten gargoyle is moderately damaged.
The molten gargoyle blasts magma at you!
The bolt of magma hits you!
* * * LOW HITPOINT WARNING * * *
As you read the scroll of teleportation, it crumbles to dust.
You feel strangely unstable. You block the molten gargoyle's attack.
You closely miss the molten gargoyle.
The molten gargoyle is moderately damaged.
Unknown command.
You barely miss the molten gargoyle.
You headbutt the molten gargoyle, but do no damage.
The molten gargoyle is moderately damaged.
The molten gargoyle hits you but does no damage.
Unknown command.
You slash the molten gargoyle!
Your headbutt misses the molten gargoyle.
The molten gargoyle is heavily damaged.
The molten gargoyle closely misses you.
Unknown command.
You hit the molten gargoyle.
The molten gargoyle is heavily damaged.
Unknown command.
You hit the molten gargoyle.
Your headbutt misses the molten gargoyle.
The molten gargoyle is severely damaged.
The molten gargoyle blasts magma at you!
The bolt of magma hits you!!
You die...

# . #. ..
#.##+###+#######+###..
#..............>......
#.....................
##...................
#.#9#............[...
.#.#.#.#@####..####......
..§.≈.99#...#..#..'......
≈≈≈≈≈≈.#....#..#..#......
≈≈≈≈≈≈≈.#...#..#..#######
≈≈88§≈.#....####.........
≈≈88≈≈9 #................
§§§§≈≈. .................
≈≈≈§≈≈. #.......#######..
.≈.≈... ........ #..


You could see 3 molten gargoyles.

Vanquished Creatures
  Prince Ribbit (D:6)
  A steam dragon (D:6)
  Edmund (D:5)
  Duvessa (D:5)
  An ice beast (D:7)
  An orc warrior (D:8)
  A sky beast (D:8)
  4 ogres
  2 centaurs
  2 kobold brigands
  6 bullfrogs
  A scorpion (D:5)
  4 wights
  Dowan (D:5)
  10 killer bees (D:8)
  An electric eel (D:6)
  5 howler monkeys
  A bombardier beetle (D:7)
  2 gnoll boudas
  2 hounds
  5 orc priests
  4 jellies (Sewer)
  7 iguanas
  6 orc wizards
  9 adders
  13 gnolls
  6 river rats
  A shadow imp (D:7)
  A white imp (D:6)
  3 ribbon worms
  4 dart slugs
  22 orcs
  4 bats
  16 endoplasms
  12 giant cockroaches
  15 goblins
  16 hobgoblins
  7 kobolds
  7 quokkas
  16 ball pythons
  8 frilled lizards
  A giant cockroach zombie (D:3)
  A quokka zombie (D:3)
  2 rats
234 creatures vanquished.

Notes
Turn   | Place    | Note
-------+----------+-------------------------------------------
     0 | D:1      | Peloso the Minotaur Fighter began the quest for the Orb.
     0 | D:1      | Reached XP level 1. HP: 19/19 MP: 0/0
     7 | D:1      | You fall into a shaft and drop 1 floor!
    29 | D:2      | Reached XP level 2. HP: 25/27 MP: 1/1
    68 | D:2      | Found Ressedesk's Assorted Antiques.
    78 | D:2      | Found Rozac's Antique Armour Shoppe.
   146 | D:2      | Found Jirchudab's Antique Weapon Boutique.
   177 | D:2      | Found Iniux's Antique Armour Shop.
   305 | D:2      | Reached skill level 3 in Long Blades
   305 | D:2      | Reached XP level 3. HP: 11/33 MP: 2/2
   466 | D:2      | Reached XP level 4. HP: 29/41 MP: 3/3
   750 | D:2      | Found a shimmering altar of Xom.
   776 | D:2      | Bought a scroll labelled ALLOUNENAO for 24 gold pieces
   776 | D:2      | Bought a scroll labelled QUJOON QIOCU for 24 gold pieces
   776 | D:2      | Bought a scroll labelled VILAEWE UPOOXU for 24 gold pieces
   776 | D:2      | Bought a scroll labelled ROLOOR GOCLABB for 24 gold pieces
  1485 | D:3      | Reached skill level 4 in Long Blades
  1649 | D:2      | Reached XP level 5. HP: 38/47 MP: 4/4
  1776 | D:3      | Noticed an ogre
  1788 | D:3      | Reached skill level 1 in Dodging
  1796 | D:3      | Killed an ogre
  1797 | D:3      | Reached skill level 5 in Fighting
  2233 | D:3      | Found a basalt altar of Yredelemnul.
  2554 | D:4      | Reached XP level 6. HP: 56/56 MP: 5/5
  2636 | D:4      | Reached skill level 5 in Long Blades
  2676 | D:4      | Reached skill level 5 in Armour
  3232 | D:4      | Found an opulent altar of Gozag.
  3545 | D:2      | Bought a runed scimitar for 182 gold pieces
  3684 | D:5      | Entered Level 5 of the Dungeon
  3692 | D:5      | Reached XP level 7. HP: 49/61 MP: 6/6
  3758 | D:5      | Reached skill level 6 in Long Blades
  3847 | D:5      | Noticed Dowan
  4013 | D:5      | Killed Dowan
  4014 | D:5      | Noticed Duvessa
  4074 | D:5      | Killed Duvessa
  4075 | D:5      | Reached skill level 7 in Long Blades
  4075 | D:5      | Reached skill level 5 in Shields
  4159 | D:5      | Noticed Edmund
  4170 | D:5      | Killed Edmund
  4250 | D:5      | Found a sparkling altar of Nemelex Xobeh.
  4316 | D:5      | Reached XP level 8. HP: 70/70 MP: 7/7
  4998 | D:6      | Reached skill level 8 in Long Blades
  5171 | D:6      | Found a glowing drain.
  5184 | Sewer    | Entered a sewer
  5393 | Sewer    | Found a viscous altar of Jiyva.
  5869 | D:6      | Found a glowing silver altar of Zin.
  5869 | D:6      | Noticed an angel
  5936 | D:6      | Reached skill level 9 in Long Blades
  6183 | D:6      | Noticed Prince Ribbit
  6196 | D:6      | Killed Prince Ribbit
  6197 | D:6      | Reached XP level 9. HP: 35/78 MP: 8/8
  6874 | D:7      | Found a staircase to the Ecumenical Temple.
  6994 | Temple   | Entered the Ecumenical Temple
  7014 | Temple   | Became a worshipper of Warmaster Okawaru
  7261 | D:7      | Reached skill level 10 in Long Blades
  7282 | D:7      | Identified the +5 short sword of Abomination {holy, Str+5}
  7342 | D:7      | Identified the +0 ring mail of True Grit {rElec Str+2}
  7432 | D:7      | Found an ancient bone altar of Kikubaaqudgha.
  7564 | D:7      | Found a snail-covered altar of Cheibriados.
  7567 | D:7      | Found a stormy altar of Qazlal.
  7682 | D:8      | Reached * piety under Okawaru
  7986 | D:8      | Found a white marble altar of Elyvilon.
  8286 | D:9      | Reached XP level 10. HP: 88/88 MP: 9/9
  8512 | D:9      | Noticed a molten gargoyle
  8515 | D:9      | Noticed a molten gargoyle
  8515 | D:9      | Noticed a molten gargoyle
  8530 | D:9      | Killed from afar by a molten gargoyle

Illustrated notes

Levels and vault maps discovered:
D:1:      psy_arrival_dodecagon, layout_basic, st_stairs_2,
          corexii_item_surrounded_by_moat, fountainhead, minmay_unequal
D:2:      cheibrodos_pilgrimage, layout_rooms, serial_shops, shop_coins,
          nicolae_square_shop, shop, nicolae_diamond_shop, basic_altar,
          minmay_quadrilaterals
D:3:      layout_basic, lemuel_zombie_altar_yredelemnul, minmay_ogre_servants
D:4:      layout_loops_ring, nicolae_gozag_cash_rules_everything_around_me,
          minivault_4
D:5:      layout_loops_corners, nemelex_xobeh_ov_fountains_minmay, uniq_duvessa,
          uniq_edmund
D:6:      layout_loops_corners, zin_angel, gup_sewer_entry_bubbles,
          chequers_serial_rivers_marsh, minmay_misc_feat_five,
          serial_bayou_pond_b, kennysheep_generic_room_13, uniq_prince_ribbit1
D:7:      layout_basic, lemuel_round_altar, nicolae_overflow_squiral,
          minmay_temple_entry_tees
D:8:      layout_cave_pools, elyvilon_altar_5, corexii_checkpoint,
          due_unseen_surprise
D:9:      layout_irregular_city, grunt_dithmenos_smoke_and_mirrors, minivault_8
Temple:   nicolae_temple_slightly_damp_pantheon

Skill      XL: |  1  2  3  4  5  6  7  8  9 10 |
---------------+-------------------------------+-----
Fighting       | 4 5 6 8 |  8.3
Long Blades    | 3 4 5 7 9 10 | 10.9
Armour         | 4 5 6 7 9 |  9.3
Shields        | 4 5 6 7 |  7.0
Dodging        | 1 2 3 |  3.9
Stealth        | |  0.4
Evocations     | |  0.3

Action                     |  1- 3 |  4- 6 |  7- 9 | 10-12 || total
---------------------------+-------+-------+-------+-------++-------
  Melee: Long sword        |    43 |   179 |       |       ||   222
         Headbutt          |     6 |    30 |    61 |     4 ||   101
         Scimitar          |       |     6 |   291 |    20 ||   317
 Invoke: Heroism           |       |       |     1 |     1 ||     2
  Evoke: Wand              |       |     2 |     1 |       ||     3
    Use: Scroll            |       |     5 |    10 |     1 ||    16
         Potion            |       |     1 |     4 |       ||     5
 Armour: Scale mail        |    38 |    96 |       |       ||   134
         Chain mail        |       |     4 |   277 |    14 ||   295
  Dodge: Dodged            |    35 |   117 |   144 |     8 ||   304
  Block: Buckler           |    12 |    46 |    92 |     4 ||   154
